 Dungeon Crawl Stone Soup version 0.28.0-53-g5a82cb258f (webtiles) character file.

Game seed: 6657095207569164068

14 mcbry74 the Skirmisher (level 2, -4/27 HPs)
             Began as a Hill Orc Fighter on July 21, 2022.
             Killed from afar by Natasha (5 damage)
             ... with a magic dart
             ... on level 2 of the Dungeon.
             The game lasted 00:01:38 (1055 turns).

mcbry74 the Skirmisher (Hill Orc Fighter)           Turns: 1055, Time: 00:01:38

Health: -4/27      AC:  9    Str: 24    XL:     2   Next: 41%
Magic:  2/2        EV:  9    Int:  8    God:
Gold:   83         SH:  4    Dex: 10    Spells: 1/1 levels left

rFire   . . .      SeeInvis .   a - +0 war axe
rCold   . . .      Faith    .   c - +0 buckler
rNeg    . . .      Spirit   .   b - +0 scale mail
rPois   .          Reflect  .   h - +1 helmet
rElec   .          Harm     .   (no cloak)
rCorr   .          Rampage  .   (no gloves)
Will    .....                   (no boots)
Stlth   ..........              (no amulet)
HPRegen 0.09/turn               l - +6 ring of strength
MPRegen 0.08/turn               (no ring)

@: attractive, slowed, very slow
A: no striking features
a: no special abilities


You were on level 2 of the Dungeon.
You visited 1 branch of the dungeon, and saw 2 of its levels.

You collected 83 gold pieces.

Inventory:

Hand Weapons
 a - a +0 war axe (weapon)
Missiles
 f - 4 poisoned darts (quivered)
 i - 2 boomerangs
Armour
 b - a +0 scale mail (worn)
 c - a +0 buckler (worn)
 h - a +1 helmet (worn)
Jewellery
 l - a +6 ring of strength (left hand)
Wands
 n - a wand of mindburst (9)
Scrolls
 e - a scroll of identify {unknown}
 g - a scroll of blinking {unknown}
 j - a scroll of silence {unknown}
 k - 2 scrolls of immolation {unknown}
Potions
 d - 2 potions of might


   Skills:
 + Level 3.8 Fighting
 * Level 3.3 Axes
 + Level 3.4 Armour
 + Level 3.4 Shields


You had one spell level left.
You didn't know any spells.
Your spell library was empty.

Dungeon Overview and Level Annotations

Branches:
Dungeon (2/15)

Altars:

Annotations:
D:2 Natasha


Message History

Natasha zaps a wand.
Some rock shatters into small pieces.
A quokka comes into view.
You closely miss Natasha. Natasha misses you. Natasha barely misses you.
You slash Natasha!
Natasha is heavily wounded.
Natasha claws you.
You hit Natasha.
Natasha is severely wounded.
Natasha claws you. Natasha claws you but does no damage.
You barely miss Natasha.
Natasha is severely wounded.
You slash the quokka!
You kill the quokka!
Natasha stares at you and mumbles some strange words.
You feel yourself slow down.
You barely miss Natasha.
Natasha is severely wounded.
Natasha claws you. Natasha casts a spell at you. The magic dart hits you!
You barely miss Natasha.
Natasha is severely wounded.
Natasha claws you.
* * * LOW HITPOINT WARNING * * *
Natasha claws you.
* * * LOW HITPOINT WARNING * * *
Throw: 5 darts (poison)
Press: ? - help, Q - select action, (/) - cycle Shift-Dir - straight line, f - Natasha
Aim: Natasha, carrying a wand of digging (7) (severely wounded, 47% to hit)
You throw a poisoned dart. The poisoned dart hits Natasha.
Natasha is poisoned.
Natasha is severely wounded.
Natasha howls an incantation.
Natasha glows brightly for a moment.
You block Natasha's attack. Natasha barely misses you.
Natasha zaps a wand.
Some rock shatters into small pieces.
It was a potion of attraction.
You feel attractive to monsters.
Natasha stares at you and mumbles some strange words.
The magic dart hits you.
You die...

#..#<##.##########
### ##.#.##.#
#...##.# #
##..##.# #.
#..##.####
#.#........#
#.#....##.#
#.....##.#
#.@..##.#
##......#
#.h.#####.
#..†.......
#.(.....##.
#.......#
#..>....#
#.......#
#...#####


You could see Natasha (poisoned).

Vanquished Creatures
  2 endoplasms
  A giant cockroach (D:1)
  2 jackals (D:2)
  2 kobolds
  2 quokkas
  A bat (D:1)
  A rat (D:2)
11 creatures vanquished.

Vanquished Creatures (others)
  2 plants (D:1)
2 creatures vanquished.

Grand Total: 13 creatures vanquished

Notes
Turn   | Place    | Note
-------+----------+-------------------------------------------
     0 | D:1      | mcbry74 the Hill Orc Fighter began the quest for the Orb.
     0 | D:1      | Reached XP level 1. HP: 19/19 MP: 1/1
   439 | D:1      | Found a faded altar of an unknown god.
   823 | D:2      | Reached XP level 2. HP: 27/27 MP: 2/2
  1042 | D:2      | Noticed Natasha
  1050 | D:2      | HP: 1/27 [Natasha (4)]
  1055 | D:2      | Killed from afar by Natasha

Illustrated notes

Levels and vault maps discovered:
D:1:      denvon_arrival_hothouse, layout_basic,
          dilly_ecumenical_altar_fadedgnrine
D:2:      layout_basic, minmay_rat_hole, uniq_natasha

Skill      XL: |  1 |
---------------+----+-----
Axes           | 3 |  3.3
Fighting       | |  3.8
Armour         | |  3.4
Shields        | |  3.4

Action                   || total
-------------------------++-------
Melee: War axe           ||    33
Throw: Dart              ||     1
  Use: Potion            ||     1
Armor: Scale mail        ||    20
Dodge: Dodged            ||    21
Block: Buckler           ||     6
